 Dungeon Crawl Stone Soup version 0.19-a0-1932-g59670f6 (webtiles) character file.

103 PurpleRed the Conjurer (level 5, -1/28 HPs)
             Began as a Kobold Conjurer on Oct 25, 2016.
             Slain by a gnoll
             ... wielding a +0 spear
              (6 damage)
             ... on level 3 of the Dungeon.
             The game lasted 00:05:59 (652 turns).

PurpleRed the Conjurer (Kobold Conjurer)             Turns: 652, Time: 00:06:00

Health: -1/28      AC:  3    Str:  6    XL:     5   Next: 6%
Magic:  2/10       EV: 15    Int: 19    God:
Gold:   83         SH:  0    Dex: 15    Spells: 2 memorised, 8 levels left

rFire  . . .     SeeInvis .     d - +0 dagger
rCold  . . .     Gourm    .     a - +0 robe
rNeg   . . .     Faith    .     (shield restricted)
rPois  .         Spirit   .     (no helmet)
rElec  .         Reflect  .     (no cloak)
rCorr  .         Harm     .     l - +0 pair of gloves
MR     .....                    (no boots)
Stlth  ++........               (no amulet)
                                (no ring)
                                f - +2 ring of intelligence

@: no status effects
A: carnivore 3
a: no special abilities


You were on level 3 of the Dungeon.
You were very full.

You visited 1 branch of the dungeon, and saw 3 of its levels.

You collected 83 gold pieces.

Inventory:

Hand Weapons
 d - a +0 dagger (weapon)
Missiles
 i - 5 tomahawks (quivered)
Armour
 a - a +0 robe (worn)
 l - a +0 pair of gloves (worn)
Jewellery
 f - a +2 ring of intelligence (left hand)
Scrolls
 e - a scroll of fog {unknown}
 h - a scroll of magic mapping {unknown}
 k - a scroll of remove curse {unknown}
Books
 b - a book of Conjurations

   Spells                             Type                      Level
   a - Magic Dart                     Conjuration                  1
   b - Searing Ray                    Conjuration                  2
   c - Dazzling Spray                 Conjuration/Hexes            3
   d - Fulminant Prism                Conjuration/Hexes            4
   e - Iskenderun's Mystic Blast      Conjuration                  4
   f - Iskenderun's Battlesphere      Conjuration/Charms           5
Comestibles
 c - a meat ration
 j - a royal jelly


   Skills:
 - Level 2.4 Dodging
 - Level 2.6 Stealth
 + Level 3.8 Spellcasting
 + Level 5.0 Conjurations


You had 8 spell levels left.
You knew the following spells:

 Your Spells              Type           Power        Failure   Level  Hunger
a - Magic Dart            Conj           ###.         1%          1    None
b - Searing Ray           Conj           ###...       2%          2    ##.....


Dungeon Overview and Level Annotations

Branches:
Dungeon (3/15)

Altars:
Okawaru

Annotations:
D:2 Robin


Innate Abilities, Weirdness & Mutations

You are small and have problems with some larger weapons.
You are carnivorous and can eat meat at any time.


Message History

The hound bites you.
* * * LOW HITPOINT WARNING * * *
The hound barely misses you.
Casting: Searing Ray
Confirm with . or Enter, or press ? or * to list all spells.
Aiming: Searing Ray
Press: ? - help, Shift-Dir - straight line, f/p - hound
Aim: a hound (almost dead)
The searing ray misses the hound.
The searing ray hits the hound.
The hound is severely wounded.
The hound closely misses you. The hound bites you.
* * * LOW HITPOINT WARNING * * *
The searing ray hits the hound.
You kill the hound!
Your Conjurations skill increases to level 5!
You have reached level 5!
You feel stronger. The hound misses you.
The gnoll hits you from afar with a spear.
You die...

.#...#..##...#
.........#.#.#
#####...#..#
#..........# #
#.###.....P#'#+# #.
#......'...# #.
#.....P#...#
#.###.#....# ..#
#.@†g.#....## ##
#..h..#....... ##
#.....#...>.......
#.###.#..#.$......
#####...#†#.##.#.....
##.........#..#.#..###
.........#....#......#
######.....#)...r....#
#........#........


You could see a hound and a gnoll.

Vanquished Creatures
  A hound (D:3)
  Ijyb (D:2)
  An adder (D:2)
  A leopard gecko (D:1)
  5 bats
  3 giant cockroaches
  5 goblins
  5 hobgoblins
  2 jackals (D:2)
  4 kobolds
  A quokka (D:2)
  3 frilled lizards (D:1)
  A rat (D:3)
33 creatures vanquished.

Notes
Turn   | Place    | Note
-------+----------+-------------------------------------------
     0 | D:1      | PurpleRed the Kobold Conjurer began the quest for the Orb.
     0 | D:1      | Reached XP level 1. HP: 10/10 MP: 3/3
    78 | D:1      | Reached XP level 2. HP: 15/15 MP: 5/5
   147 | D:1      | Learned a level 2 spell: Searing Ray
   167 | D:2      | Found an iron altar of Okawaru.
   168 | D:2      | Noticed Robin
   303 | D:2      | Reached XP level 3. HP: 7/19 MP: 1/7
   333 | D:2      | Noticed Ijyb
   422 | D:2      | Killed Ijyb
   422 | D:2      | Reached XP level 4. HP: 10/24 MP: 1/9
   652 | D:3      | Reached skill level 5 in Conjurations
   652 | D:3      | Reached XP level 5. HP: 4/28 MP: 3/10
   652 | D:3      | Slain by a gnoll

Vault maps used:
D:1:      minmay_arrival_plants_in_alcoves, grunt_decor_arrowhead
D:2:      okawaru_metal_pillars_3, uniq_robin, uniq_iyjb
D:3:      first_bread, cheibrodos_gnoll_hut

Skill      XL: |  1  2  3  4 |
---------------+-------------+-----
Spellcasting   | 3 |  3.8
Conjurations   | 5 |  5.0
Dodging        | |  2.4
Stealth        | |  2.6

Action                   |  1- 3 |  4- 6 || total
-------------------------+-------+-------++-------
Melee: Dagger            |    41 |    20 ||    61
Throw: Tomahawk          |       |     3 ||     3
 Cast: Magic Dart        |    25 |    15 ||    40
       Searing Ray       |     3 |     2 ||     5
  Use: Potion            |     3 |     1 ||     4
 Stab: Sleeping          |     3 |       ||     3
  Eat: Chunk             |     3 |     3 ||     6
Armor: Robe              |    18 |     5 ||    23
Dodge: Dodged            |    72 |    58 ||   130
